 Dungeon Crawl Stone Soup version 0.28.0-47-ge53b351184 (webtiles) character file.

Game seed: 2949583586569157558

415 Peloso the Slasher (level 6, 0/56 HPs)
             Began as a Minotaur Fighter on May 1, 2022.
             Slain by Duvessa
             ... wielding a +0 short sword
              (11 damage)
             ... on level 4 of the Dungeon.
             The game lasted 00:05:29 (3421 turns).

Peloso the Slasher (Minotaur Fighter)               Turns: 3421, Time: 00:05:29

Health: 0/56       AC:  8    Str: 21    XL:     6   Next: 60%
Magic:  5/5        EV:  9    Int:  5    God:
Gold:   147        SH:  5    Dex: 11    Spells: 5/5 levels left

rFire   . . .      SeeInvis .   a - +0 long sword
rCold   . . .      Faith    .   c - +0 buckler
rNeg    . . .      Spirit   .   b - +0 scale mail
rPois   +          Reflect  .   (helmet restricted)
rElec   .          Harm     .   (no cloak)
rCorr   .          Rampage  .   (no gloves)
Will    .....                   i - +0 pair of boots
Stlth   ..........              (no amulet)
HPRegen 0.18/turn               q - ring of poison resistance
MPRegen 0.09/turn               (no ring)

@: no status effects
A: horns 2, retaliatory headbutt
a: no special abilities


You were on level 4 of the Dungeon.
You visited 1 branch of the dungeon, and saw 4 of its levels.
You also visited: Sewer.

You collected 147 gold pieces.

Inventory:

Hand Weapons
 a - a +0 long sword (weapon)
Armour
 b - a +0 scale mail (worn)
 c - a +0 buckler (worn)
 i - a +0 pair of boots (worn)
Jewellery
 q - a ring of poison resistance (left hand)
Scrolls
 e - a scroll of blinking {unknown}
 f - 2 scrolls of enchant weapon {unknown}
 g - a scroll of fear {unknown}
 h - a scroll of magic mapping {unknown}
 l - 3 scrolls of identify {unknown}
Potions
 d - 2 potions of might
 j - a potion of brilliance {unknown}
 k - a potion of resistance {unknown}
 m - 3 potions of lignification {unknown}
 n - 2 potions of invisibility {unknown}
 o - 2 potions of attraction {unknown}
 p - a potion of mutation {unknown}


   Skills:
 + Level 5.0 Fighting
 + Level 6.0 Long Blades
 + Level 5.0 Armour
 + Level 1.2 Dodging
 + Level 4.8 Shields


You had 5 spell levels left.
You didn't know any spells.
Your spell library contained the following spells:

 Spells                   Type           Power      Damage    Failure   Level
 Freeze                   Ice            0%         1d3       87%         1
 Static Discharge         Conj/Air       0%         N/A       95%         2
 Frozen Ramparts          Ice            0%         1d2       99%         3
 Dispel Undead            Necr           0%         3d6       100%        4
 Hailstorm                Conj/Ice       0%         3d3       100%        4
 Sticky Flame             Conj/Fire      0%         2d3       100%        4
 Iskenderun's Battlesphe  Conj           0%         2d6       100%        5
 Iron Shot                Conj/Erth      0%         9d1       100%        6
 Spellforged Servitor     Conj/Summ      0%         N/A       100%        7


Dungeon Overview and Level Annotations

Branches:
Dungeon (3/15)              Sewer (visited)

Altars:

Annotations:
D:2 1 runed translucent door, Crazy Yiuf
D:4 Duvessa


Innate Abilities, Weirdness & Mutations

You have a pair of horns on your head.
You reflexively headbutt those who attack you in melee.


Message History

Things that are here:
a +1 dagger of holy wrath; a +0 robe; the elf corpse of Dowan Unknown command.
Things that are here:
a +1 dagger of holy wrath; a +0 robe; the elf corpse of Dowan You see here a +0 giant club.
Duvessa, Sister of Dowan comes into view.
She is wielding a +0 short sword.
Duvessa shouts!
Duvessa goes berserk!
You aren't carrying any items that you can evoke.
Unknown command.
You hear a shout!
You hear a shout!
Duvessa rages.
You closely miss Duvessa. Your headbutt misses Duvessa.
Duvessa closely misses you.
You barely miss Duvessa. You block Duvessa's attack.
Duvessa hits you with a +0 short sword!
You slash Duvessa!
Duvessa is lightly wounded.
Duvessa hits you with a +0 short sword. Duvessa hits you with a +0 short sword!
You slash Duvessa!
Duvessa is moderately wounded.
Duvessa hits you with a +0 short sword. Duvessa hits you with a +0 short sword!
* * * LOW HITPOINT WARNING * * *
You closely miss Duvessa.
Duvessa is moderately wounded.
You block Duvessa's attack.
You hit Duvessa. Your headbutt misses Duvessa.
Duvessa is moderately wounded.
Duvessa hits you with a +0 short sword.
* * * LOW HITPOINT WARNING * * *
Duvessa barely misses you.
You hit Duvessa. Your headbutt misses Duvessa.
Duvessa is moderately wounded.
You block Duvessa's attack.
You hit Duvessa.
Duvessa is heavily wounded.
Duvessa hits you with a +0 short sword!
You die...

##........
#####.........
##.##..........
#.........).รท..
##..............
##....##..).....#
######
##...####.....####
###....###...##
##..###
#........e@.##
#### #....###..###
##..### #### #...#
#.e## #..# #..#
#..# ...#


You could see Duvessa (berserk).

Vanquished Creatures
  An ogre (D:4)
  Dowan (D:4)
  A jelly (D:4)
  An iguana (D:4)
  10 adders
  3 gnolls (D:2)
  2 river rats (Sewer)
  2 worms
  2 dart slugs
  An orc (D:3)
  9 ball pythons
  6 endoplasms
  4 giant cockroaches
  6 goblins (D:1)
  3 hobgoblins
  6 jackals (D:1)
  2 quokkas (D:1)
  10 bats
  10 frilled lizards
  4 kobolds
  7 rats
91 creatures vanquished.

Vanquished Creatures (others)
  13 plants (D:3)
13 creatures vanquished.

Grand Total: 104 creatures vanquished

Notes
Turn   | Place    | Note
-------+----------+-------------------------------------------
     0 | D:1      | Peloso the Minotaur Fighter began the quest for the Orb.
     0 | D:1      | Reached XP level 1. HP: 19/19 MP: 0/0
   100 | D:1      | Reached XP level 2. HP: 22/27 MP: 1/1
   570 | D:1      | Reached XP level 3. HP: 33/33 MP: 2/2
   884 | D:2      | Reached skill level 3 in Long Blades
  1075 | D:2      | Reached XP level 4. HP: 37/40 MP: 3/3
  1124 | D:2      | Reached skill level 4 in Long Blades
  1179 | D:2      | Found a runed translucent door.
  1180 | D:2      | Noticed Crazy Yiuf
  1985 | D:3      | Found a glowing drain.
  2001 | Sewer    | Entered a sewer
  2172 | Sewer    | Reached XP level 5. HP: 25/47 MP: 4/4
  2951 | D:3      | Reached skill level 1 in Dodging
  2993 | D:3      | You fall into a shaft and drop 1 floor!
  2993 | D:4      | Noticed an ogre
  2998 | D:4      | Killed an ogre
  2999 | D:4      | Reached skill level 5 in Long Blades
  2999 | D:4      | Reached XP level 6. HP: 22/55 MP: 5/5
  3290 | D:4      | Noticed Dowan
  3322 | D:4      | Killed Dowan
  3323 | D:4      | Reached skill level 5 in Fighting
  3323 | D:4      | Reached skill level 6 in Long Blades
  3323 | D:4      | Reached skill level 5 in Armour
  3404 | D:4      | Noticed Duvessa
  3421 | D:4      | Slain by Duvessa

Illustrated notes

Levels and vault maps discovered:
D:1:      minmay_arrival_stair_chambers, layout_loops_cross, grunt_decor_cap,
          st_stairs_9, chequers_arboretum, dk_noncrumbling_4
D:2:      layout_basic, minmay_strange_pillars, fountainhead,
          uniq_crazy_yiuf_cottage
D:3:      layout_basic, portal_sewer_entry_d, serial_bayou_lake_a
D:4:      layout_layer_cave, nicolae_uskayaw_en_pointe, temple_statues,
          minivault_11, cheibrodos_gnoll_hut, uniq_duvessa

Skill      XL: |  1  2  3  4  5  6 |
---------------+-------------------+-----
Shields        | 4 |  4.8
Armour         | 4 5 |  5.0
Fighting       | 4 5 |  5.0
Long Blades    | 3 4 5 6 |  6.0
Dodging        | 1 |  1.2

Action                   |  1- 3 |  4- 6 || total
-------------------------+-------+-------++-------
Melee: Long sword        |    82 |   120 ||   202
       Headbutt          |     7 |    15 ||    22
  Use: Potion            |     2 |     1 ||     3
Armor: Scale mail        |    47 |    56 ||   103
Dodge: Dodged            |    60 |    63 ||   123
Block: Buckler           |    23 |    46 ||    69
